AoeStats
← Jeff

Golden Pit

503561649Analyzed
1v1 RM · 29d ago on Sep 1, 2026· 51m 54s· 2 players
Game mode
Random Map
Map size
Tiny (2 player)
Population
200
Speed
Normal
Resources
Standard
Victory
Conquest
Starting age
Dark Age
Ending age
Imperial Age
RankedLock teamsTeams togetherTeam positionsShared explorationLock speedFull tech treeHidden civsTurbo modeCheats
Victory
Defeat
🇹🇼 Wu · Taiwan
1131
+18
🇪🇪 Inca · Estonia
1166
-18
Jeff
6:54 Loom
9:23 Feudal Age
9:26 Man-at-Arms
10:15 Double-Bit Axe
14:43 Scale Mail Armor
20:50 Castle Age
20:40 Horse Collar
21:35 Squires
21:57 Chain Mail Armor
22:47 Wheelbarrow
22:37 Bow Saw
25:15 Arson
31:16 Forging
36:54 Fletching
42:40 Imperial Age
40:28 Bodkin Arrow
42:52 Padded Archer Armor
43:43 Ballistics
43:47 Bracer
44:28 Leather Archer Armor
45:02 Conscription
46:26 Plate Mail Armor
47:38 Two-Man Saw
47:31 Elite Fire Archer
NomeL™
8:55 Loom
10:59 Feudal Age
12:04 Horse Collar
12:12 Double-Bit Axe
16:32 Fletching
16:34 Horse Collar
19:08 Wheelbarrow
24:17 Castle Age
23:38 Champi Runner
24:37 Forging
24:29 Scale Mail Armor
24:25 Crossbowman
25:13 Bodkin Arrow
25:43 Heavy Plow
25:55 Bow Saw
29:08 Scale Mail Armor
30:39 Chain Mail Armor
30:58 Town Watch
36:09 Iron Casting
35:44 Stone Mining
40:55 Gold Mining
44:42 Imperial Age
44:53 Andean Sling
45:26 Hand Cart
45:43 Bracer
48:18 Masonry
51:57 Conscription
52:03 Siege Engineers
Connection lost

Rejoining the realm…

Still unreachable

The connection could not be restored.

Session expired

The server has moved on; the page needs a fresh start.